 Dungeon Crawl Stone Soup version 0.28-a0-802-g09f76e8c00 (webtiles) character file.

Game seed: 8612180917711302870

5524 avis the Martial Artist (level 10, 0/85 HPs)
             Began as an Octopode Transmuter on Nov 5, 2021.
             Was a Believer of Cheibriados.
             Slain by a death yak (20 damage)
             ... on level 10 of the Dungeon on Nov 6, 2021.
             The game lasted 01:05:37 (10550 turns).

avis the Martial Artist (Octopode Transmuter)      Turns: 10550, Time: 01:05:38

Health: 0/85       AC:  8    Str: 29    XL:     10   Next: 70%
Magic:  9/14       EV: 13    Int: 23    God:    Cheibriados [**....]
Gold:   695        SH:  0    Dex: 25    Spells: 5/15 levels left

rFire   . . .      SeeInvis .     - Unarmed
rCold   + + +      Faith    .   (shield currently unavailable)
rNeg    . . .      Spirit   .   (helmet currently unavailable)
rPois   +          Reflect  .   L - amulet of the acrobat
rElec   .          Harm     .   q - ring of resist corrosion
rCorr   +          Rampage  .   t - +6 ring of dexterity
Will    +....                   I - +6 ring of strength
Stlth   +++.......              J - +6 ring of strength
HPRegen 0.24/turn               N - ring of protection from fire
MPRegen 0.14/turn               h - ring of willpower
                                (no ring)
                                (no ring)

@: ice-form, very slow
A: freezing attack, boosted hp, almost no armour, amphibious, 8 rings, large,
(camouflage 1), (gelatinous body 1), (nimble swimmer 1), (tentacles)
a: End Transformation, Renounce Religion, Bend Time


You were on level 10 of the Dungeon.
You worshipped Cheibriados.
Cheibriados was pleased with you.
You were a creature of crystalline ice.
You visited 2 branches of the dungeon, and saw 11 of its levels.

You collected 695 gold pieces.

Inventory:

Missiles
 b - 47 stones
 c - 13 arrows
 r - 13 poisoned darts
 v - 10 boomerangs
 D - 4 javelins
 M - 4 atropa-tipped darts
Armour
 O - a +0 buckler
Jewellery
 h - a ring of willpower (on tentacle)
 q - a ring of resist corrosion (left front paw)
 t - a +6 ring of dexterity (right front paw)
 I - a +6 ring of strength (on tentacle)
 J - a +6 ring of strength (on tentacle)
 L - an amulet of the acrobat (around neck)
 N - a ring of protection from fire (on tentacle)
Wands
 g - a wand of flame (11)
 A - a wand of mindburst (27)
 C - a wand of iceblast (6)
 H - a wand of acid (5)
Scrolls
 a - 5 scrolls of teleportation
 d - a scroll of noise {unknown}
 f - 3 scrolls of enchant armour {unknown}
 i - a scroll of identify
 j - a scroll of blinking {unknown}
 m - a scroll of fear {unknown}
 n - a scroll of magic mapping
 p - a scroll of holy word
 y - a scroll of summoning
 G - a scroll of immolation {unknown}
Potions
 e - a potion of might {unknown}
 o - 2 potions of brilliance
 s - 2 potions of curing
 u - 2 potions of flight {unknown}
 w - a potion of resistance {unknown}
 z - a potion of cancellation {unknown}
 F - 2 potions of ambrosia {unknown}
 P - a potion of attraction {unknown}


   Skills:
 - Level 7.0 Fighting
 - Level 5.0 Dodging
 - Level 3.0 Stealth
 * Level 3.9 Shields
 - Level 9.0 Unarmed Combat
 - Level 3.0 Spellcasting
 - Level 6.0 Transmutations
 - Level 4.0 Ice Magic
 - Level 2.0 Poison Magic
 - Level 5.0 Invocations


You had 5 spell levels left.
You knew the following spells:

 Your Spells              Type           Power      Damage    Failure   Level
a - Beastly Appendage     Tmut           62%        N/A       1%          1
b - Wereblood             Tmut           31%        N/A       1%          2
p - Spider Form           Tmut/Pois      21%        N/A       7%          3
q - Ice Form              Ice/Tmut       26%        N/A       14%         4

Your spell library contained the following spells:

 Spells                   Type           Power      Damage    Failure   Level
 Animate Skeleton         Necr           6%         N/A       12%         1
 Foxfire                  Conj/Fire      12%        2x1d4     12%         1
 Pain                     Necr           12%        1d4       12%         1
 Conjure Flame            Conj/Fire      3%         6-21      34%         3
 Dazzling Flash           Conj/Hex       6%         N/A       34%         3
 Inner Flame              Hex/Fire       3%         N/A       34%         3
 Vampiric Draining        Necr           3%         2d6       34%         3
 Flame Wave               Conj/Fire      3%         3d3       75%         4
 Iskenderun's Mystic Bla  Conj/Tloc      3%         2d3       75%         4
 Starburst                Conj/Fire      1%         6d3       100%        6


Dungeon Overview and Level Annotations

Branches:
Dungeon (10/15)            Temple (1/1) D:5
   Lair: D:8-11         Orc: D:9-12

Altars:
Ashenzari
Cheibriados
Dithmenos
Elyvilon
Fedhas
Gozag
Hepliaklqana
Kikubaaqudgha
Makhleb
Nemelex Xobeh
Okawaru
Qazlal
Ru
Sif Muna
Trog
Uskayaw
Vehumet
Wu Jian
Xom
Yredelemnul
Zin
The Shining One

Shops:
D:1 [   D:7 [

Annotations:
D:3 exclusion: statue
D:4 2 transporters, AlleluiaPinecone's ghost, amateur GnWn


Innate Abilities, Weirdness & Mutations

You are a creature of crystalline ice.
You have a powerful freezing melee attack.
Your maximum health is increased.
Your armour is entirely melded.
You are incapable of wielding weapons or throwing items.
You cannot wear most types of armour.
You are amphibious.
You can wear up to eight rings at the same time.
((Your skin changes colour to match your surroundings (Stealth+).))
((Your rubbery body absorbs attacks. (AC +1, EV +1)))
((You are camouflaged near water. (Stealth+)))
((You have tentacles for arms and can constrict up to eight enemies at once.))


Message History

The death yak is almost dead.
The death yak gores you.
You punch the death yak! You freeze the death yak.
The death yak is almost dead.
A death yak comes into view.
The death yak bellows!
You hit the death yak but do no damage.
The death yak is almost dead.
You hear a bellow!
The death yak gores you!
You punch the death yak! You freeze the death yak.
You kill the death yak!
Cheibriados appreciates the change of pace.
The death yak snorts and paws the ground.
The death yak gores you.
Your Shields skill gained 2 levels and is now at level 3!
You pummel the death yak!! You freeze the death yak.
The death yak is moderately wounded.
The death yak gores you!!
You hit the death yak but do no damage.
The death yak is moderately wounded.
The death yak misses you. The death yak gores you!
A yak comes into view.
You punch the death yak! You freeze the death yak.
The death yak is heavily wounded.
The death yak gores you but does no damage.
A death yak comes into view.
The death yak barely misses you.
The death yak bellows!
You pummel the death yak!! You freeze the death yak.
The death yak is severely wounded.
The death yak barely misses you. The death yak misses you.
A shadow comes into view.
The death yak barely misses you.
You hit the death yak but do no damage.
The death yak is severely wounded.
The death yak gores you!
* * * LOW HITPOINT WARNING * * *
The death yak gores you!!
You die...

##+#... .....
....... .....#
.../...###Y....#
.......Y#......#
...........#...#
.>..:..........
.....WYYY.....#
#Y..######
##........#
#.........#
#.........#
#.........#
#.........#
#.........#
##.<....###
########


You could see 4 death yaks, a yak and a shadow.

Vanquished Creatures
  A hydra (D:7)
  A two-headed ogre (D:8)
  A death yak (D:10)
  A deep elf pyromancer (D:7)
  A troll (D:9)
  A hornet (D:7)
  A wyvern (D:9)
  A steam dragon (D:6)
  Menkaure (D:6)
  An orc warrior (D:9)
  An ice beast (D:6)
  2 black bears
  A necrophage (D:7)
  3 ogres
  2 centaurs
  3 bullfrogs
  A gnoll sergeant (D:7)
  A wyvern zombie (D:9)
  A scorpion (D:6)
  A water moccasin skeleton (D:7)
  4 killer bees (D:4)
  2 howler monkeys (D:9)
  4 wights (D:7)
  A centaur zombie (D:9)
  4 jellies
  4 orc priests
  A hound (D:5)
  A centaur skeleton (D:4)
  An iguana (D:6)
  3 orc wizards
  A hound zombie (D:5)
  A howler monkey zombie (D:5)
  12 gnolls
  A howler monkey skeleton (D:5)
  13 adders
  2 white imps
  3 worms
  6 dart slugs
  17 orcs
  7 bats
  11 endoplasms
  2 giant cockroaches (D:1)
  10 goblins
  7 hobgoblins
  7 jackals
  A quokka (D:1)
  5 ball pythons
  2 frilled lizards
  13 kobolds
  6 rats
178 creatures vanquished.

Vanquished Creatures (others)
  13 plants (D:4)
13 creatures vanquished.

Grand Total: 191 creatures vanquished

Notes
Turn   | Place    | Note
-------+----------+-------------------------------------------
     0 | D:1      | avis the Octopode Transmuter began the quest for the Orb.
     0 | D:1      | Reached XP level 1. HP: 13/13 MP: 3/3
   172 | D:1      | Reached XP level 2. HP: 17/18 MP: 3/5
   286 | D:1      | Found Jiq Xuk's Armour Shoppe.
   313 | D:1      | Reached skill level 4 in Unarmed Combat
   367 | D:1      | Reached XP level 3. HP: 23/23 MP: 4/6
   472 | D:1      | Found a faded altar of an unknown god.
  1237 | D:2      | Reached XP level 4. HP: 28/28 MP: 5/7
  1261 | D:2      | Learned a level 3 spell: Spider Form
  1432 | D:2      | Reached skill level 5 in Unarmed Combat
  2071 | D:3      | Reached skill level 1 in Poison Magic
  2100 | D:3      | You fall into a shaft and drop 3 floors!
  2117 | D:5      | Entered Level 5 of the Dungeon
  2117 | D:5      | Noticed a black bear
  2135 | D:4      | Reached XP level 5. HP: 34/34 MP: 8/8
  2144 | D:4      | Reached XP level 6. HP: 31/42 MP: 9/9
  3012 | D:3      | Reached XP level 7. HP: 39/46 MP: 7/10
  3151 | D:3      | Reached skill level 6 in Unarmed Combat
  3160 | D:3      | Reached skill level 1 in Stealth
  3160 | D:3      | Upgraded the game from 0.28-a0-794-gafe8c5f9e9 to
                  | 0.28-a0-802-g09f76e8c00
  3165 | D:3      | Learned a level 4 spell: Ice Form
  3301 | D:3      | Found a radiant altar of Vehumet.
  4103 | D:4      | Found a bloodstained altar of Trog.
  4147 | D:4      | Found a broken altar of Ashenzari.
  4177 | D:4      | Found a transporter.
  4181 | D:4      | Noticed AlleluiaPinecone's ghost (amateur GnWn)
  4183 | D:4      | Found a transporter.
  4780 | D:5      | Found a staircase to the Ecumenical Temple.
  4798 | Temple   | Entered the Ecumenical Temple
  4996 | Temple   | Became a worshipper of Cheibriados the Contemplative
  5277 | D:5      | Reached skill level 7 in Unarmed Combat
  5277 | D:5      | Reached skill level 1 in Ice Magic
  5277 | D:5      | Reached XP level 8. HP: 35/52 MP: 12/12
  5884 | D:6      | Noticed Menkaure
  5959 | D:6      | Killed Menkaure
  5959 | D:6      | Reached * piety under Cheibriados
  5985 | D:6      | Reached skill level 5 in Transmutations
  6760 | D:7      | Noticed a four-headed hydra
  6774 | D:7      | Reached skill level 1 in Invocations
  6774 | D:7      | Reached XP level 9. HP: 59/59 MP: 8/13
  6836 | D:7      | Reached skill level 5 in Fighting
  7196 | D:7      | Noticed a deep elf pyromancer
  7235 | D:7      | Killed a deep elf pyromancer
  7236 | D:7      | Reached skill level 5 in Dodging
  7471 | D:7      | Reached ** piety under Cheibriados
  7693 | D:7      | Found Legenavun's Antique Armour Shop.
  7755 | D:7      | Found a shimmering blue altar of Sif Muna.
  7871 | D:7      | Learned a level 2 spell: Wereblood
  7877 | D:7      | Killed a four-headed hydra
  7878 | D:7      | Reached XP level 10. HP: 71/71 MP: 10/14
  8018 | D:8      | Paralysed by a hornet for 2 turns
  8032 | D:7      | Reached skill level 5 in Invocations
  8374 | D:8      | Found a white marble altar of Elyvilon.
  8814 | D:8      | Found an iron altar of Okawaru.
  8917 | D:8      | Noticed a two-headed ogre
  8927 | D:8      | Killed a two-headed ogre
  8928 | D:8      | Reached skill level 8 in Unarmed Combat
 10080 | D:9      | Reached skill level 9 in Unarmed Combat
 10333 | D:9      | Reached skill level 1 in Shields
 10492 | D:10     | Entered Level 10 of the Dungeon
 10536 | D:10     | Noticed a death yak
 10537 | D:10     | Noticed a death yak
 10539 | D:10     | Noticed a death yak
 10543 | D:10     | Noticed a death yak
 10545 | D:10     | Killed a death yak
 10548 | D:10     | Noticed a death yak
 10550 | D:10     | Slain by a death yak

Illustrated notes

Levels and vault maps discovered:
D:1:      saegor_arrival_miasma, layout_basic, serial_shops,
          nicolae_lakefront_shop, dreamdust_ecumenical_altar_hidden_monk_grotto,
          minmay_heptomino_w4
D:2:      layout_loops_corners
D:3:      minmay_evil_eye, layout_rooms, vehumet_statue
D:4:      layout_rooms, trog_three_pillars_becter, cheibrodos_ashenzari_chains,
          serial_bayou, serial_bayou_crossing, serial_bayou_shore_b,
          serial_bayou_shore_b, serial_bayou_lake_a, serial_bayou_pond_a,
          gammafunk_ghost_arena
D:5:      layout_cave_pools, minmay_temple_entry_antechambers
D:6:      layout_loops_corners, corner_web_ring, hangedman_abyss_or_decor_slice,
          minmay_hedge_maze, uniq_menkaure
D:7:      layout_loops_cross, nicolae_sif_muna_little_library, serial_shops,
          shop_coins, nrook_uturn, minmay_misc_feat_tower,
          minmay_misc_feat_roman
D:8:      layout_loops_cross, nicolae_elyvilon_peaceful_grove,
          mainiacjoe_overflow_cross_hatched
D:9:      layout_basic
D:10:     layout_gridville, dpeg_lair_monsters, special_room
          [special_room_kobold], uniq_psyche
Temple:   eino_temple_scatter_basement

Skill      XL: |  1  2  3  4  5  6  7  8  9 10 |
---------------+-------------------------------+-----
Unarmed Combat | 4 5 7 9 |  9.0
Fighting       | 2 3 4 7 |  7.0
Poison Magic   | 2 |  2.0
Transmutations | 3 4 5 6 |  6.0
Dodging        | 3 4 5 |  5.0
Stealth        | 1 2 3 |  3.0
Spellcasting   | 3 |  3.0
Ice Magic      | 1 4 |  4.0
Invocations    | 1 4 5 |  5.0
Shields        | 3 |  3.9

Action                   |  1- 3 |  4- 6 |  7- 9 | 10-12 || total
-------------------------+-------+-------+-------+-------++-------
Melee: Unarmed           |    57 |    90 |   192 |    66 ||   405
       Constrict         |    17 |     5 |    15 |       ||    37
       Kick              |    13 |     5 |     9 |       ||    27
       Tentacles         |    10 |     7 |     9 |       ||    26
       Punch             |     2 |     2 |     1 |       ||     5
 Fire: Hunting sling     |    16 |    16 |       |       ||    32
 Cast: Beastly Appendage |    23 |    17 |    24 |     2 ||    66
       Spider Form       |       |    10 |    20 |    12 ||    42
       Ice Form          |       |       |    11 |     3 ||    14
  Use: Potion            |       |       |     2 |     2 ||     4
       Scroll            |       |       |       |     6 ||     6
 Stab: Sleeping          |     4 |     5 |     9 |     1 ||    19
Armor: Skin              |     4 |     4 |    21 |     5 ||    34
Dodge: Dodged            |    34 |    64 |   159 |    69 ||   326

Table legend: (Time is in decaauts)
 A = Elapsed time spent in this place.
 B = Non-inter-level travel time spent in this place.
 C = Inter-level travel time spent in this place.
 D = Time resting spent in this place.
 E = Time spent auto-exploring this place.
 F = Levels seen in this place.
 G = Mean time per level.
                   A        B        C        D        E       F      G
               +--------+--------+--------+--------+--------+-----+--------+
         Total |  12153 |  10761 |   1392 |   2322 |   5384 |  11 | 1104.8 |
       Dungeon |  11884 |  10559 |   1325 |   2322 |   5227 |  10 | 1188.4 |
        Temple |    268 |    201 |     67 |      0 |    157 |   1 |  268.0 |
               +--------+--------+--------+--------+--------+-----+--------+

Top non-repeatable levels by time:
     D:7: 2006 daAuts
     D:6: 1639 daAuts
     D:8: 1418 daAuts
     D:9: 1408 daAuts
     D:2: 1201 daAuts
     D:1: 1144 daAuts
     D:4: 1066 daAuts
     D:3: 1021 daAuts
     D:5: 951 daAuts
  Temple: 268 daAuts
    D:10: 26 daAuts
